 Dungeon Sprint DCSS version 0.31-a0-277-g31ea1f65cc (webtiles) character file.

Game seed: 4280179026024893161

2281 dialectric the Ninja (level 9, -3/45 HPs)
             Began as a Spriggan Brigand on July 15, 2023.
             Was a Follower of Dithmenos.
             Slain by a demonic crawler (17 damage)
             ... in the Dungeon (Sprint I: "Red Sonja").
             The game lasted 00:02:10 (272 turns).

dialectric the Ninja (Spriggan Brigand)              Turns: 272, Time: 00:02:11

Health: -3/45      AC:  3    Str:  7    XL:     9   Next: 16%
Magic:  10/10      EV: 23    Int: 12    God:    Dithmenos [*.....]
Gold:   489        SH:  0    Dex: 21    Spells: 8/8 levels left

rFire   . . .        p - +1 dagger (distort)
rCold   . . .        (no shield)
rNeg    . . .        b - +0 robe
rPois   .            (helmet restricted)
rElec   .            c - +0 cloak
rCorr   .            (gloves unavailable)
SInv    +            (boots unavailable)
Will    +....        (no amulet) Stlth *+++++++++
                     (no ring)
HPRegen 0.27/turn    (no ring)
MPRegen 0.12/turn

%: no teleportation
@: wreathed by umbra, very quick
A: very small, no large weapons, unfitting armour, see invisible, speed 3
a: Renounce Religion


You were in the Dungeon.
You worshipped Dithmenos.
Dithmenos was aware of your devotion.
You visited 1 branch You collected 579 gold pieces.
You spent 90 gold pieces at shops.

Inventory:

Hand Weapons
 a - a +2 dagger
 p - a +1 dagger of distortion (weapon)
Missiles
 d - 9 poisoned darts
 e - 6 curare-tipped darts (quivered)
Armour
 b - a +0 robe (worn)
 c - a +0 cloak (worn)
Wands
 l - a wand of quicksilver (14)
 n - a wand of mindburst (19)
Scrolls
 k - a scroll of blinking
 o - a scroll of butterflies
 q - a scroll of identify {unknown}
Potions
 f - 2 potions of curing
 g - a potion of heal wounds
 h - a potion of haste
 i - 2 potions of magic
 j - a potion of berserk rage
 m - a potion of lignification {unknown}


   Skills:
 + Level 4.1 Fighting
 + Level 6.4 Short Blades
 - Level 3.2 Throwing
 + Level 7.3 Dodging
 O Level 27 Stealth
 + Level 2.1 Evocations


You had 8 spell levels left.
You didn't know any spells.
Your spell library was empty.

Dungeon Overview and Level Annotations

Branches:
Dungeon (1/1)

Altars:
Cheibriados
Dithmenos
Elyvilon
Fedhas
Gozag
Hepliaklqana
Kikubaaqudgha
Makhleb
Nemelex Xobeh
Okawaru
Qazlal
Ru
Sif Muna
Trog
Uskayaw
Vehumet
Wu Jian
Xom
Yredelemnul
Zin
The Shining One
Jiyva
Lugonu

Shops:
D !?[


Innate Abilities, Weirdness & Mutations

You are very small and have problems with some larger weapons.
You are too small for most types of armour.
You have supernaturally acute eyesight. (SInv)
You cover ground extremely quickly. (Speed+++)


Message History

A kobold demonologist comes into view. It is wielding a +0 dagger.
A floating eye and a kobold demonologist come into view.
There is an open door here.
The helpless floating eye fails to defend itself.
You perforate the floating eye like a sieve!!!!!
You kill the floating eye!
Dithmenos accepts your kill.
Your Stealth skill increases to level 26!
The helpless kobold demonologist fails to defend itself.
You spit the kobold demonologist like a pig!!!!!
You kill the kobold demonologist!
Dithmenos accepts your kill.
You have reached level 9!
Your experience leads to an increase in your attributes!
Increase (S)trength, (I)ntelligence, or (D)exterity?
You feel agile. x2
The helpless kobold demonologist fails to defend itself.
You skewer the kobold demonologist like a kebab!!!!!
You kill the kobold demonologist!
Dithmenos accepts your kill.
You are shrouded in an aura of darkness!
Your Fighting skill increases to level 4!
Your Short Blades skill increases to level 6!
Your Dodging skill increases to level 7!
You have mastered Stealth!
Your Evocations skill increases to level 2!
You open the door. 4 demonic crawlers come into view.
The demonic crawler gives a hideous shriek! x3
You hit the demonic crawler but do no damage.
The demonic crawler blinks!
Unknown command.
You completely miss the demonic crawler.
The demonic crawler hits you! The demonic crawler closely misses you.
The demonic crawler hits you!
You hit the demonic crawler.
Space warps around the demonic crawler.
The demonic crawler is lightly wounded.
The demonic crawler misses you.
The demonic crawler closely misses you. x2
The demonic crawler hits you!
You die...

####################
'..#.)'..#__#..s@s)#
#.)'..#..'..'..#..s#
##+#####'#__####)..s..#
# #...#.#### #####..+
####..##.# +##
___##'#_.+ ∩..†'..._#
.__##_.#'##+###
___###'#[#[[).###


You could see 4 demonic crawlers.

Vanquished Creatures
  Sonja (D)
  A deep troll (D)
  2 kobold demonologists (D)
  A slime creature (D)
  Sigmund (D)
  A yak (D)
  A floating eye (D)
  An ogre (D)
  A jelly (D)
  Ijyb (D)
11 creatures vanquished.

Notes
Turn   | Place    | Note
-------+----------+-------------------------------------------
     0 | D        | dialectric the Spriggan Brigand began the quest for the
                  | Orb.
     0 | D        | Reached XP level 1. HP: 10/10 MP: 2/2
     2 | D        | Noticed Ijyb
     4 | D        | Killed Ijyb
     5 | D        | Reached skill level 9 in Stealth
     5 | D        | Reached XP level 2. HP: 15/15 MP: 3/3
     9 | D        | Noticed an ogre
    11 | D        | Killed an ogre
    12 | D        | Reached skill level 13 in Stealth
    12 | D        | Reached XP level 3. HP: 19/19 MP: 4/4
    12 | D        | Reached XP level 4. HP: 23/23 MP: 5/5
    14 | D        | Noticed Sigmund
    16 | D        | Killed Sigmund
    17 | D        | Reached skill level 17 in Stealth
    17 | D        | Reached XP level 5. HP: 27/27 MP: 6/6
    17 | D        | Reached XP level 6. HP: 32/32 MP: 7/7
    28 | D        | Found a shimmering blue altar of Sif Muna.
    29 | D        | Found an ornate altar of the Wu Jian Council.
    30 | D        | Found a radiant altar of Vehumet.
    63 | D        | Found a burning altar of Makhleb.
    63 | D        | Found a shimmering altar of Xom.
    63 | D        | Noticed a slime creature
    64 | D        | Found a viscous altar of Jiyva.
    64 | D        | Found a corrupted altar of Lugonu.
    66 | D        | Killed a slime creature
    67 | D        | Reached skill level 5 in Dodging
    67 | D        | Reached skill level 19 in Stealth
    92 | D        | Found Qauri's Magic Scroll Emporium.
    92 | D        | Found an ancient bone altar of Kikubaaqudgha.
    92 | D        | Found a stormy altar of Qazlal.
    92 | D        | Found a blossoming altar of Fedhas.
    92 | D        | Found a bloodstained altar of Trog.
    92 | D        | Found an iron altar of Okawaru.
    92 | D        | Found a glowing golden altar of the Shining One.
    92 | D        | Found a glowing silver altar of Zin.
    92 | D        | Found a white marble altar of Elyvilon.
    92 | D        | Noticed a yak
    93 | D        | Found a hazy altar of Hepliaklqana.
    93 | D        | Found a hide-covered altar of Uskayaw.
    93 | D        | Found a basalt altar of Yredelemnul.
    93 | D        | Found an opulent altar of Gozag.
    93 | D        | Found a snail-covered altar of Cheibriados.
    93 | D        | Found a sacrificial altar of Ru.
    93 | D        | Found a shadowy altar of Dithmenos.
    94 | D        | Killed a yak
    95 | D        | Reached skill level 21 in Stealth
    95 | D        | Reached XP level 7. HP: 35/35 MP: 8/8
    95 | D        | Found a sparkling altar of Nemelex Xobeh.
    99 | D        | Bought a scroll of butterflies for 48 gold pieces
   111 | D        | Noticed Sonja
   115 | D        | Killed Sonja
   116 | D        | Reached skill level 5 in Short Blades
   116 | D        | Reached skill level 24 in Stealth
   116 | D        | Reached XP level 8. HP: 40/40 MP: 9/9
   129 | D        | Noticed a deep troll
   156 | D        | Killed a deep troll
   157 | D        | Reached skill level 25 in Stealth
   157 | D        | Reached skill level 1 in Evocations
   179 | D        | Found Suliq's Armour Emporium.
   209 | D        | Found Petytugh's Distillery.
   217 | D        | Bought a potion of curing for 42 gold pieces
   239 | D        | Became a worshipper of Dithmenos the Shadowed
   259 | D        | Noticed a kobold demonologist
   260 | D        | Noticed a kobold demonologist
   263 | D        | Reached skill level 26 in Stealth
   263 | D        | Killed a kobold demonologist
   264 | D        | Reached XP level 9. HP: 36/44 MP: 10/10
   265 | D        | Killed a kobold demonologist
   265 | D        | Reached * piety under Dithmenos
   266 | D        | Reached skill level 27 in Stealth
   267 | D        | Noticed a demonic crawler
   267 | D        | Noticed a demonic crawler
   267 | D        | Noticed a demonic crawler
   267 | D        | Noticed a demonic crawler
   272 | D        | Slain by a demonic crawler

Illustrated notes

Levels and vault maps discovered:
D:        dungeon_sprint_1 [red_sonja_temple_1, red_sonja_temple_small_1]

Skill      XL: |  1  2  3  4  5  6  7  8  9 |
---------------+----------------------------+-----
Fighting       | 2 3 4 |  4.1
Stealth        | 9 13 17 21 24 26 27 | 27.0
Short Blades   | 3 4 5 6 |  6.4
Throwing       | 3 |  3.2
Dodging        | 4 6 7 |  7.3
Evocations     | 1 2 |  2.1

Action                     |  1- 3 |  4- 6 |  7- 9 || total
---------------------------+-------+-------+-------++-------
  Melee: Dagger            |     2 |     4 |    12 ||    18
  Throw: Dart              |       |       |     6 ||     6
  Evoke: Wand              |       |       |     2 ||     2
   Stab: Sleeping          |     2 |     4 |     4 ||    10
  Dodge: Dodged            |       |       |     7 ||     7

Table legend: (Time is in decaauts)
 A = Elapsed time spent in this place.
 B = Non-inter-level travel time spent in this place.
 C = Inter-level travel time spent in this place.
 D = Time resting spent in this place.
 E = Time spent auto-exploring this place.
 F = Levels seen in this place.
 G = Mean time per level.
                   A        B        C        D        E       F      G
               +--------+--------+--------+--------+--------+-----+--------+
         Total |    187 |    178 |      9 |      0 |      0 |   1 |  187.0 |
       Dungeon |    187 |    178 |      9 |      0 |      0 |   1 |  187.0 |
               +--------+--------+--------+--------+--------+-----+--------+

Top non-repeatable levels by time:
       D: 187 daAuts
